 Dungeon Crawl Stone Soup version 0.21.1-1-g345015fe64 (webtiles) character file.

228 Henning the Chopper (level 5, -1/47 HPs)
             Began as a Minotaur Berserker on June 15, 2018.
             Was a Priest of Trog.
             Killed by nerve-wracking pain
             ... invoked by an orc priest
              (11 damage)
             ... on level 4 of the Dungeon.
             The game lasted 00:05:58 (2056 turns).

Henning the Chopper (Minotaur Berserker)            Turns: 2056, Time: 00:05:58

Health: -1/47      AC: 11    Str: 23    XL:     5   Next: 71%
Magic:  4/4        EV:  9    Int:  6    God:    Trog [***...]
Gold:   158        SH:  0    Dex:  9    Spells: 4/4 levels left

rFire    . . .     SeeInvis .   a - +0 hand axe
rCold    . . .     Gourm    .   (no shield)
rNeg     . . .     Faith    .   m - +0 chain mail
rPois    .         Spirit   .   (helmet restricted)
rElec    .         Reflect  .   l - +0 cloak
rCorr    .         Harm     .   v - +0 pair of gloves
MR       +....                  (no boots)
Stlth    ..........             (no amulet)
HPRegen  0.15/turn              b - +2 ring of intelligence
MPRegen  0.09/turn              o - ring of protection from magic

@: no status effects
A: retaliatory headbutt, horns 2
a: Berserk, Trog's Hand, Burn Spellbooks, Renounce Religion


You were on level 4 of the Dungeon.
You worshipped Trog.
Trog was most pleased with you.
You were not hungry.

You visited 1 branch of the dungeon, and saw 4 of its levels.

You collected 158 gold pieces.

Inventory:

Hand Weapons
 a - a +0 hand axe (weapon)
Armour
 l - a +0 cloak (worn)
 m - a +0 chain mail (worn)
 v - a +0 pair of gloves (worn)
Jewellery
 b - a +2 ring of intelligence (left hand)
 o - a ring of protection from magic (right hand)
Wands
 u - a wand of random effects (19)
Scrolls
 d - 2 scrolls of enchant weapon {unknown}
 g - 2 scrolls of teleportation {unknown}
 i - 5 scrolls of identify {unknown}
 j - 6 scrolls of remove curse {unknown}
 n - a scroll of blinking {unknown}
 t - a scroll of noise {unknown}
Potions
 e - 2 potions of heal wounds {unknown}
 f - 3 potions of might {unknown}
 h - 2 potions of cancellation {unknown}
 k - 3 potions of curing {unknown}
 p - a potion of resistance
 r - 3 potions of lignification {unknown}
 s - 2 potions of mutation {unknown}
Comestibles
 c - 9 rations
 q - 4 chunks of flesh


   Skills:
 + Level 4.9 Fighting
 + Level 5.5 Axes
 + Level 4.0 Armour
 + Level 3.2 Dodging
 + Level 0.3 Stealth


You had 4 spell levels left.
You didn't know any spells.

Dungeon Overview and Level Annotations

Branches:
Dungeon (4/15)
 Temple: D:4-7

Altars:
Dithmenos
Gozag


Innate Abilities, Weirdness & Mutations

You reflexively headbutt those who attack you in melee.
You have a pair of horns on your head.


Message History

You hit the orc wizard.
The orc wizard is moderately wounded.
The orc wizard misses you.
The orc priest mumbles some strange prayers to Beogh against you.
Beogh smites you!
The orc wizard looks encouraged for a moment.
You hit the orc wizard.
The orc wizard is heavily wounded.
The orc wizard hits you with a dagger.
You slash the orc wizard!
You kill the orc wizard!
Trog accepts your kill.
Trog appreciates your killing of a magic user.
Your Armour skill increases to level 4!
The orc priest calls down the wrath of Beogh upon you.
Beogh smites you!
* * * LOW HITPOINT WARNING * * *
The orc priest invokes the aid of Beogh against you.
Pain shoots through your body!
You die...

.... ..# ...
... # ##.##
#.#.#...##
##........#..#
..o...)@.....#
##.$......#..#
...........=.
...#...........
## ########[###
.# . #


You could see an orc priest.

Vanquished Creatures
  A bullfrog (D:3)
  An orc wizard (D:4)
  Ijyb (D:3)
  2 adders
  2 oozes (D:1)
  A worm (D:3)
  A dart slug (D:2)
  3 leopard geckos (D:2)
  6 orcs
  4 bats
  3 giant cockroaches
  9 goblins
  10 hobgoblins
  A quokka (D:3)
  2 ball pythons (D:3)
  6 frilled lizards
  14 kobolds
  7 rats
74 creatures vanquished.

Notes
Turn   | Place    | Note
-------+----------+-------------------------------------------
     0 | D:1      | Henning the Minotaur Berserker began the quest for the Orb.
     0 | D:1      | Reached XP level 1. HP: 19/19 MP: 0/0
   130 | D:1      | Reached skill level 4 in Axes
   130 | D:1      | Reached XP level 2. HP: 5/27 MP: 1/1
   698 | D:1      | Reached XP level 3. HP: 32/33 MP: 2/2
   852 | D:2      | Reached ** piety under Trog
   973 | D:2      | Found an opulent altar of Gozag.
   985 | D:2      | Found a shadowy altar of Dithmenos.
  1085 | D:2      | Reached XP level 4. HP: 41/41 MP: 3/3
  1508 | D:3      | Noticed a bullfrog
  1516 | D:3      | Killed a bullfrog
  1516 | D:3      | Reached skill level 5 in Axes
  1516 | D:3      | Reached XP level 5. HP: 25/47 MP: 4/4
  1659 | D:3      | Noticed Ijyb
  1668 | D:3      | Killed Ijyb
  1841 | D:3      | Reached *** piety under Trog
  2056 | D:4      | Killed from afar by an orc priest

Skill      XL: |  1  2  3  4  5 |
---------------+----------------+-----
Fighting       | 4 |  4.9
Axes           | 4 5 |  5.5
Armour         | 3 4 |  4.0
Dodging        | 3 |  3.2
Stealth        | |  0.3

Action                   |  1- 3 |  4- 6 || total
-------------------------+-------+-------++-------
Melee: Hand axe          |    87 |    92 ||   179
       Headbutt          |    20 |    13 ||    33
Invok: Berserk           |       |     1 ||     1
  Eat: Chunk             |     1 |     4 ||     5
Armor: Animal skin       |     7 |       ||     7
       Chain mail        |    20 |    43 ||    63
Dodge: Dodged            |    53 |    36 ||    89
